 Dungeon Crawl Stone Soup version 0.28.0-49-g6dfe1f597d (webtiles) character file.

Game seed: 14523282426122042530

53 ari the Sneak (level 3, -4/23 HPs)
             Began as an Octopode Earth Elementalist on May 20, 2022.
             Killed from afar by Natasha (7 damage)
             ... with a magic dart
             ... on level 2 of the Dungeon.
             The game lasted 00:09:22 (2229 turns).

ari the Sneak (Octopode Earth Elementalist)         Turns: 2229, Time: 00:09:22

Health: -4/23      AC:  1    Str:  7    XL:     3   Next: 89%
Magic:  6/6        EV: 13    Int: 17    God:
Gold:   42         SH:  0    Dex: 14    Spells: 3/6 levels left

rFire   . . .      SeeInvis .   w - +0 club
rCold   . . .      Faith    .   (no shield)
rNeg    . . .      Spirit   .   (helmet restricted)
rPois   .          Reflect  .   (no amulet)
rElec   .          Harm     .   (no ring)
rCorr   .          Rampage  .   (no ring)
Will    .....                   (no ring)
Stlth   +++.......              (no ring)
HPRegen 0.07/turn               (no ring)
MPRegen 0.10/turn               (no ring)
                                (no ring)
                                (no ring)

@: no status effects
A: almost no armour, amphibious, 8 rings, camouflage 1, gelatinous body 1,
(nimble swimmer 1), tentacles
a: no special abilities


You were on level 2 of the Dungeon.
You visited 1 branch of the dungeon, and saw 5 of its levels.

You collected 42 gold pieces.

Inventory:

Hand Weapons
 d - a +0 dagger
 w - a +0 club (weapon)
Missiles
 b - 46 stones
Potions
 a - a potion of lignification {unknown}
 c - a potion of mutation {unknown}
 e - a potion of attraction {unknown}
 h - a potion of curing {unknown}
 i - 2 potions of brilliance {unknown}
 k - a potion of heal wounds {unknown}


   Skills:
 + Level 1.1 Fighting
 + Level 0.5 Short Blades
 + Level 2.4 Dodging
 + Level 3.4 Stealth
 + Level 0.8 Unarmed Combat
 + Level 2.2 Spellcasting
 + Level 1.6 Transmutations
 - Level 3.0 Earth Magic


You had 3 spell levels left.
You knew the following spells:

 Your Spells              Type           Power      Damage    Failure   Level
a - Sandblast             Erth           24%        2d8       5%          1
b - Passwall              Tmut/Erth      7%         N/A       11%         2

Your spell library contained the following spells:

 Spells                   Type           Power      Damage    Failure   Level
 Blink                    Tloc           2%         N/A       28%         2
 Stone Arrow              Conj/Erth      14%        3d7       30%         3
 Petrify                  Tmut/Erth      9%         N/A       56%         4
 Manifold Assault         Tloc           1%         N/A       99%         5
 Storm Form               Tmut/Air       2%         N/A       100%        7


Dungeon Overview and Level Annotations

Branches:
Dungeon (5/15)
 Temple: D:4-7

Altars:
Ru

Annotations:
D:2 Natasha, Robin


Innate Abilities, Weirdness & Mutations

You cannot wear most types of armour.
You are amphibious.
You can wear up to eight rings at the same time.
Your skin changes colour to match your surroundings (Stealth+).
Your rubbery body absorbs attacks. (AC +1, EV +1)
((You are camouflaged when in or above water. (Stealth+)))
You have tentacles for arms and can constrict up to eight enemies at once.


Message History

* * * LOW HITPOINT WARNING * * *
You constrict the quokka, but do no damage.
The quokka bites you.
* * * LOW HITPOINT WARNING * * *
You release your grip on the quokka.
Robin throws the goblin at you!
* * * LOW HITPOINT WARNING * * *
The goblin misses you. The quokka misses you.
Casting: Passwall (safe; 11% risk of failure)
Confirm with . or Enter, or press ? or * to list all spells.
Aiming: Sandblast (safe; 5% risk of failure)
Press: ? - help, Shift-Dir - straight line The blast of sand hits the goblin!
You kill the goblin!
The quokka closely misses you. What are your orders? t - Shout!
Orders for allies: a - Attack new target. r - Retreat! s - Stop attacking. g - Guard the area. f - Follow me.
Anything else - Cancel.
Okay, then.
As you read the scroll of teleportation, it crumbles to dust.
You feel strangely unstable. The quokka bites you.
* * * LOW HITPOINT WARNING * * *
Robin roars a battlecry!
The goblins go into a battle-frenzy!
You see here a +0 club.
The quokka barely misses you.
Your surroundings suddenly seem different.
A kobold comes into view. It is wielding a +0 short sword.
The kobold moves out of view.
Natasha hisses angrily.
Natasha howls an incantation.
You feel troubled.
Natasha howls an incantation.
Natasha's front paws start to glow.
Natasha claws you but does no damage. Natasha casts a spell at you.
The magic dart hits you!
You die...

#.# ...........<.......
#r#
########.....#.#####
#g# #.......#.....#..
#.# ####
#.###.............. #g#
...##.#
#.#.......#.#### #g#
#..#.# #.#.......#.#
#.# #.#.# #.#.#####K# #
#.# #...# #÷#.# #.# #'#
##..###@#.# #.# ...
#.......h#####.#.# #.#
... #.####.#...K...#.#
#.# ... #.#
#.#.#######.# #.#
#.####.#.. ..#.# #.#
#...##.#### #.#.# #.#
#...##.# #.#.# #.#
#...##.#######.#.####.#
+................†.....


You could see Natasha and a kobold.

Vanquished Creatures
  An adder (D:2)
  2 dart slugs
  3 bats
  4 endoplasms
  A giant cockroach (D:3)
  3 goblins
  8 hobgoblins
  2 kobolds (D:1)
  3 quokkas
  3 ball pythons
  A frilled lizard (D:1)
  5 rats
36 creatures vanquished.

Notes
Turn   | Place    | Note
-------+----------+-------------------------------------------
     0 | D:1      | ari the Octopode Earth Elementalist began the quest for the
                  | Orb.
     0 | D:1      | Reached XP level 1. HP: 11/11 MP: 3/3
   490 | D:1      | Reached XP level 2. HP: 14/17 MP: 5/5
   541 | D:1      | Learned a level 2 spell: Passwall
   687 | D:2      | Noticed Natasha
   744 | D:1      | Found a faded altar of an unknown god.
  1346 | D:2      | Reached XP level 3. HP: 22/22 MP: 6/6
  1468 | D:5      | Entered Level 5 of the Dungeon
  1495 | D:2      | Found a sacrificial altar of Ru.
  1765 | D:2      | Reached skill level 1 in Fighting
  2204 | D:2      | Noticed Robin
  2229 | D:2      | Killed from afar by Natasha

Illustrated notes

Levels and vault maps discovered:
D:1:      minmay_arrival_stone_box, layout_loops_ring,
          hellmonk_ecumenical_altar_pennies_from_heaven
D:2:      layout_basic, basic_altar, uniq_robin, uniq_natasha
D:3:      layout_basic
D:4:      layout_gridville, serial_shops, nicolae_square_shop, uniq_menkaure,
          uniq_edmund
D:5:      layout_cave_pools, serial_shops, kennysheep_mini

Skill      XL: |  1  2  3 |
---------------+----------+-----
Stealth        | 3 |  3.4
Fighting       | 1 |  1.1
Short Blades   | |  0.5
Dodging        | |  2.4
Unarmed Combat | |  0.8
Spellcasting   | |  2.2
Transmutations | |  1.6
Earth Magic    | |  3.0

Action                   || total
-------------------------++-------
Melee: Unarmed           ||     7
       Dagger            ||    38
       Tentacles         ||    16
       Constrict         ||    15
       Punch             ||     4
       Club              ||    17
 Cast: Sandblast         ||     8
       Passwall          ||     5
  Use: Scroll            ||     5
 Stab: Sleeping          ||    14
Armor: Skin              ||     2
Dodge: Dodged            ||    31
